 Dungeon Crawl Stone Soup version 0.20.2-3-g29329e0561 (webtiles) character file.

51 Alfie the Shield-Bearer (level 3, 0/33 HPs)
             Began as a Hill Orc Fighter on Oct 17, 2022.
             Killed from afar by Jessica (4 damage)
             ... with a wand of flame (?/48)
             ... on level 2 of the Dungeon.
             The game lasted 00:02:56 (1111 turns).

Alfie the Shield-Bearer (Hill Orc Fighter)          Turns: 1111, Time: 00:02:56

Health: 0/33       AC:  7    Str: 19    XL:     3   Next: 83%
Magic:  3/3        EV:  7    Int:  8    God:
Gold:   126        SH:  9    Dex: 10    Spells: 2/2 levels left

rFire    . . .     SeeInvis .   a - +0 rapier
rCold    . . .     Gourm    .   c - +0 shield
rNeg     . . .     Faith    .   b - +0 scale mail
rPois    .         Spirit   .   (no helmet)
rElec    .         Reflect  .   (no cloak)
rCorr    .         Harm     .   (no gloves)
MR       .....                  (no boots)
Stlth    ..........             (no amulet)
Regen    0.2/turn               (no ring)
MPRegen  0.1/turn               (no ring)

@: no status effects
A: no striking features
a: no special abilities


You were on level 2 of the Dungeon.
You were not hungry.

You visited 1 branch of the dungeon, and saw 2 of its levels.

You collected 126 gold pieces.

Inventory:

Hand Weapons
 a - a +0 rapier (weapon)
Missiles
 r - 2 tomahawks (quivered)
Armour
 b - a +0 scale mail (worn)
 c - a +0 shield (worn)
Jewellery
 p - an uncursed ring of poison resistance {unknown}
Scrolls
 e - 2 scrolls of identify
 g - a scroll of amnesia {unknown}
 j - a scroll of blinking {unknown}
 k - 3 scrolls of recharging
 l - a scroll of remove curse {unknown}
 q - 3 scrolls of enchant weapon {unknown}
 s - a scroll of teleportation {unknown}
Potions
 d - 3 potions of might
 i - a potion of mutation {unknown}
 n - a potion of lignification {unknown}
 o - 2 potions of curing
Comestibles
 f - 2 bread rations
 h - 2 meat rations
 m - a royal jelly


   Skills:
 + Level 3.8 Fighting
 + Level 2.5 Short Blades
 + Level 3.8 Armour
 + Level 0.4 Dodging
 + Level 0.1 Stealth
 + Level 4.0 Shields


You had 2 spell levels left.
You didn't know any spells.

Dungeon Overview and Level Annotations

Branches:
Dungeon (2/15)

Altars:
Yredelemnul

Annotations:
D:2 Jessica


Message History

Aim: Jessica, wielding a dagger and wearing a robe You throw a tomahawk.
The tomahawk closely misses Jessica.
Throwing (i - inventory):
r - 5 tomahawks (quivered)
Press: ? - help, Shift-Dir - straight line, f/p - Jessica
Aim: Jessica, wielding a dagger and wearing a robe You throw a tomahawk.
The tomahawk hits Jessica but does no damage.
Jessica zaps a wand.
The puff of flame hits you!
* * * LOW HITPOINT WARNING * * *
It is a wand of flame (?/48).
Throwing (i - inventory):
r - 4 tomahawks (quivered)
Press: ? - help, Shift-Dir - straight line, f/p - Jessica
Aim: Jessica, wielding a dagger, wearing a robe and carrying a wand of flame (?/48) {zapped: 1} You throw a tomahawk.
The tomahawk completely misses Jessica.
Throwing (i - inventory):
r - 3 tomahawks (quivered)
Press: ? - help, Shift-Dir - straight line, f/p - Jessica
Aim: Jessica, wielding a dagger, wearing a robe and carrying a wand of flame (?/48) {zapped: 1} You throw a tomahawk.
The tomahawk closely misses Jessica.
Jessica zaps a wand.
The puff of flame hits you!
You die...

...................†........#
.....................†......#
............................#
†.#....>...................##
.......###...#..............#
.....##.....##..............#
#.#### ##..................#
#.# #..................# #.#
#(....@@...........# ...
#....(....#.......## .#.
#.........##.....## . .#
#(........######## . .#
(.........# #........%#
#.........# #.........#


You could see Jessica.

Vanquished Creatures
  2 adders (D:2)
  2 dart slugs
  A giant cockroach (D:1)
  3 goblins (D:1)
  3 hobgoblins
  8 kobolds
  4 bats
  3 frilled lizards
  4 rats
30 creatures vanquished.

Notes
Turn   | Place    | Note
-------+----------+-------------------------------------------
     0 | D:1      | Alfie the Hill Orc Fighter began the quest for the Orb.
     0 | D:1      | Reached XP level 1. HP: 19/19 MP: 1/1
   143 | D:1      | Reached XP level 2. HP: 26/26 MP: 2/2
   835 | D:2      | Reached XP level 3. HP: 32/33 MP: 3/3
   896 | D:2      | Found a basalt altar of Yredelemnul.
  1085 | D:2      | Reached skill level 4 in Shields
  1105 | D:2      | Noticed Jessica
  1111 | D:2      | Killed from afar by Jessica

Skill      XL: |  1  2  3 |
---------------+----------+-----
Shields        | 4 |  4.0
Fighting       | |  3.8
Short Blades   | |  2.5
Armour         | |  3.8
Dodging        | |  0.4
Stealth        | |  0.1

Action                   || total
-------------------------++-------
Melee: Rapier            ||    97
Throw: Tomahawk          ||     5
  Use: Scroll            ||     1
       Potion            ||     1
  Eat: Royal jelly       ||     1
Armor: Scale mail        ||    64
Dodge: Dodged            ||    30
Block: Shield            ||    79
